[Event "FIDE CB Open 2022"]
[Site "Ceske Budejovice"]
[Date "2022.07.06"]
[Round "6.49"]
[White "Travnicek, Jaroslav"]
[Black "Hladky, Mikulas"]
[Result "1-0"]
[ECO "C68"]
[WhiteElo "1730"]
[BlackElo "1549"]
[Annotator "NA RC COMBH"]
[PlyCount "83"]
[EventDate "2022.07.01"]
[EventType "swiss"]
[EventCountry "CZE"]
[SourceTitle "playchess.com"]
[Source "ChessBase"]
[SourceQuality "1"]
[TimeControl "40/5400+30:1800+30"]

1. e4 e5 2. Nf3 Nc6 3. Bb5 a6 4. Bxc6 dxc6 5. d4 exd4 6. Qxd4 Qxd4 7. Nxd4 Bc5 8. Nb3 Bb6 9. O-O Nf6 10. Nc3 O-O 11. h3 h6 12. Re1 Be6 13. Be3 Bxe3 14. Rxe3 Bxb3 15. axb3 Rad8 16. Kf1 Rd2 17. Re2 Rxe2 18. Kxe2 Rd8 19. Rd1 Rxd1 20. Kxd1 Kf8 21. Ke2 Ke7 22. Ke3 Ke6 23. Ne2 g6 24. Nf4+ Kd6 25. Nd3 Nd7 26. f4 f6 27. Nf2 h5 28. g4 Nf8 29. Nd3 Nd7 30. f5 hxg4 31. fxg6 Ke6 32. h4 Ke7 33. Kf4 g3 34. Kxg3 Kf8 35. Kf4 Kg7 36. Kf5 b6 37. Nf4 Nf8 38. h5 c5 39. Nd5 a5 40. Nxc7 Nd7 41. Ne8+ Kg8 42. Nxf6+ 1-0

[Event "FIDE CB Open 2022"]
[Site "Ceske Budejovice"]
[Date "2022.07.06"]
[Round "6.50"]
[White "Hrbek, Jachym"]
[Black "Nagyova, Daniela"]
[Result "0-1"]
[ECO "C63"]
[WhiteElo "1695"]
[BlackElo "1712"]
[Annotator "NA RC COMBH"]
[PlyCount "28"]
[EventDate "2022.07.01"]
[EventType "swiss"]
[EventCountry "CZE"]
[SourceTitle "playchess.com"]
[Source "ChessBase"]
[SourceQuality "1"]
[TimeControl "40/5400+30:1800+30"]

1. e4 e5 2. Nf3 Nc6 3. Bb5 f5 4. d3 fxe4 5. dxe4 Nf6 6. O-O Bc5 7. Bxc6 bxc6 8. Nxe5 O-O 9. Nc3 Qe8 10. Nd3 Bb6 11. Re1 Qf7 12. Kh1 Nh5 13. f3 Ng3+ 14. hxg3 Qh5# 0-1

[Event "FIDE CB Open 2022"]
[Site "Ceske Budejovice"]
[Date "2022.07.06"]
[Round "6.51"]
[White "Pavlicek, Petr"]
[Black "Jilek, Marcel"]
[Result "1-0"]
[ECO "E65"]
[WhiteElo "1806"]
[BlackElo "1565"]
[Annotator "NA RC COMBH"]
[PlyCount "53"]
[EventDate "2022.07.01"]
[EventType "swiss"]
[EventCountry "CZE"]
[SourceTitle "playchess.com"]
[Source "ChessBase"]
[SourceQuality "1"]
[TimeControl "40/5400+30:1800+30"]

1. d4 Nf6 2. c4 d6 3. g3 g6 4. Bg2 Bg7 5. Nf3 O-O 6. Nc3 Nbd7 7. O-O c5 8. d5 Nb6 9. Qd3 Bd7 10. h3 Na4 11. Nxa4 Bxa4 12. Bd2 Bd7 13. e4 a6 14. Bc3 b5 15. b3 b4 16. Bb2 Qc8 17. g4 h5 18. g5 Ne8 19. Bxg7 Nxg7 20. Kh2 Qc7 21. Nh4 e6 22. Rad1 e5 23. f4 exf4 24. Rxf4 Rae8 25. Rdf1 Qd8 26. Rf6 Re7 27. Nxg6 1-0

[Event "FIDE CB Open 2022"]
[Site "Ceske Budejovice"]
[Date "2022.07.06"]
[Round "6.52"]
[White "Simajchl, Adam"]
[Black "Rybackova, Lucie"]
[Result "1-0"]
[ECO "D70"]
[WhiteElo "1610"]
[BlackElo "1696"]
[Annotator "NA RC COMBH"]
[PlyCount "91"]
[EventDate "2022.07.01"]
[EventType "swiss"]
[EventCountry "CZE"]
[SourceTitle "playchess.com"]
[Source "ChessBase"]
[SourceQuality "1"]
[TimeControl "40/5400+30:1800+30"]

1. d4 Nf6 2. c4 g6 3. f3 d5 4. cxd5 Nxd5 5. e4 Nb6 6. Nc3 Bg7 7. Be3 O-O 8. Qd2 Nc6 9. O-O-O f5 10. h4 fxe4 11. h5 e5 12. d5 Ne7 13. hxg6 Nxg6 14. fxe4 Bg4 15. Re1 Qe7 16. g3 a5 17. Qh2 Bf6 18. Bc5 Bg5+ 19. Kb1 Qg7 20. Bxf8 Rxf8 21. Bh3 Bxh3 22. Qxh3 Bd2 23. Rf1 Rxf1+ 24. Qxf1 Bxc3 25. bxc3 Qd7 26. Qe2 Na4 27. Qc4 b5 28. Qd3 Qg4 29. Kc2 Nc5 30. Qf3 Qxf3 31. Nxf3 Nxe4 32. Nxe5 Nxe5 33. Re1 Nxg3 34. Rxe5 Kf7 35. Kd3 Kf6 36. Re6+ Kf7 37. Rc6 h5 38. Rxc7+ Ke8 39. Kd4 h4 40. Rh7 Ne2+ 41. Ke5 Kd8 42. Kd6 Kc8 43. Kc6 Kb8 44. d6 Nf4 45. d7 Ne6 46. Rh8+ 1-0

[Event "FIDE CB Open 2022"]
[Site "Ceske Budejovice"]
[Date "2022.07.06"]
[Round "6.53"]
[White "Svejda, Karel"]
[Black "Huemer, Gerald"]
[Result "1-0"]
[ECO "A46"]
[WhiteElo "1619"]
[BlackElo "1627"]
[Annotator "NA RC COMBH"]
[PlyCount "59"]
[EventDate "2022.07.01"]
[EventType "swiss"]
[EventCountry "CZE"]
[SourceTitle "playchess.com"]
[Source "ChessBase"]
[SourceQuality "1"]
[TimeControl "40/5400+30:1800+30"]

1. d4 Nf6 2. Nf3 e6 3. Bf4 c5 4. e3 cxd4 5. exd4 d6 6. c4 Nbd7 7. Nc3 a6 8. Bd3 Be7 9. h3 b6 10. O-O O-O 11. Re1 Bb7 12. b4 Rc8 13. Qb3 Re8 14. a4 Qc7 15. Bh2 Bf8 16. Nd2 Qc6 17. Nce4 Kh8 18. f3 Ba8 19. a5 bxa5 20. Rxa5 Nxe4 21. Nxe4 d5 22. Nc5 Bb7 23. Rea1 Ra8 24. Nxb7 dxc4 25. Qxc4 Qxb7 26. Rxa6 Rxa6 27. Rxa6 Qxb4 28. Qxb4 Bxb4 29. Bb5 Nb8 30. Ra8 1-0

[Event "FIDE CB Open 2022"]
[Site "Ceske Budejovice"]
[Date "2022.07.06"]
[Round "6.54"]
[White "Pisar, Tomas"]
[Black "Rybacek, Martin"]
[Result "1-0"]
[ECO "E16"]
[WhiteElo "1640"]
[BlackElo "1650"]
[Annotator "NA RC COMBH"]
[PlyCount "44"]
[EventDate "2022.07.01"]
[EventType "swiss"]
[EventCountry "CZE"]
[SourceTitle "playchess.com"]
[Source "ChessBase"]
[SourceQuality "1"]
[TimeControl "40/5400+30:1800+30"]

1. d4 Nf6 2. Nf3 e6 3. c4 Bb4+ 4. Bd2 Bxd2+ 5. Qxd2 O-O 6. g3 b6 7. Bg2 Bb7 8. O-O d6 9. Nc3 Nbd7 10. Rfe1 c5 11. d5 exd5 12. cxd5 Re8 13. e4 Ng4 14. h3 Nge5 15. Nxe5 Nxe5 16. f4 Ng6 17. Re3 f6 18. Rae1 Qd7 19. Kh2 b5 20. Bf3 b4 21. Nd1 Bc8 22. Nf2 Qc7 1-0

[Event "FIDE CB Open 2022"]
[Site "Ceske Budejovice"]
[Date "2022.07.07"]
[Round "7.1"]
[White "Roshka, Yevgeniy"]
[Black "Neuman, Petr"]
[Result "1/2-1/2"]
[ECO "A21"]
[WhiteElo "2497"]
[BlackElo "2378"]
[Annotator "RC"]
[PlyCount "109"]
[EventDate "2022.07.01"]
[EventType "swiss"]
[EventCountry "CZE"]
[SourceTitle "playchess.com"]
[Source "ChessBase"]
[SourceQuality "1"]
[TimeControl "40/5400+30:1800+30"]

1. d4 d6 2. c4 e5 3. Nc3 exd4 4. Qxd4 Nc6 5. Qd2 Nf6 6. b3 a5 7. Bb2 a4 8. Nd5 Be7 9. Rd1 axb3 10. axb3 O-O 11. Qc3 Be6 12. Nf3 Bxd5 13. cxd5 Ne5 14. g3 Nxf3+ 15. Qxf3 c6 16. dxc6 bxc6 17. Bg2 d5 18. O-O Qb6 19. Bd4 Qb5 20. Qd3 Rfb8 21. Qxb5 Rxb5 22. Rd3 Ne4 23. Rc1 Ra6 24. Bxe4 dxe4 25. Rdc3 Bf8 26. Rxc6 Rxc6 27. Rxc6 Rxb3 28. Rc8 Rb5 29. g4 h5 30. h3 hxg4 31. hxg4 f6 32. Re8 Kf7 33. Rxe4 Rb4 34. Kg2 Bd6 35. Kf3 g6 36. Ke3 Ra4 37. Kd3 Bc7 38. f3 Bd6 39. Kc3 Bf8 40. Kb3 Rb4+ 41. Kc3 Ra4 42. Kc2 Bd6 43. Kb3 Rb4+ 44. Kc3 Ra4 45. Kd3 Bc7 46. Kc2 Bd6 47. Kc3 Bf8 48. f4 f5 49. gxf5 gxf5 50. Re5 Bg7 51. Rd5 Ke6 52. Rd8 Ke7 53. Rd5 Ke6 54. Rd8 Ke7 55. Rd5 1/2-1/2

[Event "FIDE CB Open 2022"]
[Site "Ceske Budejovice"]
[Date "2022.07.07"]
[Round "7.2"]
[White "Hrbek, Stepan"]
[Black "Toman, Ondrej"]
[Result "1/2-1/2"]
[ECO "B12"]
[WhiteElo "2272"]
[BlackElo "2276"]
[Annotator "RC"]
[PlyCount "76"]
[EventDate "2022.07.01"]
[EventType "swiss"]
[EventCountry "CZE"]
[SourceTitle "playchess.com"]
[Source "ChessBase"]
[SourceQuality "1"]
[TimeControl "40/5400+30:1800+30"]

1. e4 c6 2. d4 d5 3. e5 Bf5 4. h4 h5 5. c4 e6 6. Nc3 Ne7 7. Nge2 Nd7 8. Ng3 Bg6 9. Be3 dxc4 10. Bxc4 Nb6 11. Be2 Ned5 12. Nxh5 Bxh5 13. Bxh5 Nxe3 14. fxe3 g6 15. Bf3 Rxh4 16. Kf2 Be7 17. g3 Rxh1 18. Qxh1 Nd5 19. Qh8+ Kd7 20. Qxd8+ Rxd8 21. Rh1 Bg5 22. Nxd5 cxd5 23. Ke2 Rc8 24. Kd3 b6 25. e4 dxe4+ 26. Bxe4 Rc1 27. Rxc1 Bxc1 28. b3 Ke7 29. Bc6 Bb2 30. g4 a5 31. a4 Ba1 32. Ke4 Bc3 33. d5 exd5+ 34. Bxd5 Bb2 35. Bc4 Ba3 36. Bd5 Bb2 37. Bc4 Ba3 38. Bd5 Bb2 1/2-1/2

[Event "FIDE CB Open 2022"]
[Site "Ceske Budejovice"]
[Date "2022.07.07"]
[Round "7.3"]
[White "Havelka, Josef"]
[Black "Zima, Jan"]
[Result "1-0"]
[ECO "B53"]
[WhiteElo "2396"]
[BlackElo "2134"]
[Annotator "RC"]
[PlyCount "117"]
[EventDate "2022.07.01"]
[EventType "swiss"]
[EventCountry "CZE"]
[SourceTitle "playchess.com"]
[Source "ChessBase"]
[SourceQuality "1"]
[TimeControl "40/5400+30:1800+30"]

1. e4 c5 2. Nf3 d6 3. d4 cxd4 4. Qxd4 Nc6 5. Bb5 Bd7 6. Qd3 Nf6 7. c4 g6 8. Nc3 Bg7 9. h3 O-O 10. O-O a6 11. Bxc6 Bxc6 12. Nd4 Nd7 13. Be3 Qa5 14. Rac1 Rfc8 15. b3 h6 16. Rfd1 b5 17. Nxc6 Rxc6 18. Nd5 Re8 19. cxb5 Rxc1 20. Rxc1 axb5 21. Qc2 e6 22. Nc7 Rd8 23. Qc6 Qxa2 24. Nxb5 Ne5 25. Qc7 Rf8 26. b4 Nd3 27. Rf1 Nxb4 28. Qxd6 Qc4 29. Nd4 e5 30. Nf3 Nd3 31. Nd2 Qc2 32. Rb1 Nc1 33. Kh2 Ne2 34. Qa6 Nd4 35. Rb7 Qd1 36. Qc4 Qc2 37. Qd5 Qc8 38. Rd7 Qe8 39. Nc4 Qe6 40. Kg1 Rc8 41. Na5 Ne2+ 42. Kh2 Nf4 43. Qd2 Bf6 44. Rd6 Qe7 45. g3 Ne6 46. Nc6 Qb7 47. Qd5 Kg7 48. Na7 Rc7 49. Nb5 Re7 50. Nc3 Rc7 51. Qd2 Bg5 52. Nd5 Rc4 53. h4 Bxe3 54. Qxe3 Rc6 55. Qa3 Rxd6 56. Qxd6 Qb2 57. Kg2 Qd4 58. f3 Nf8 59. Qf6+ 1-0

[Event "FIDE CB Open 2022"]
[Site "Ceske Budejovice"]
[Date "2022.07.07"]
[Round "7.4"]
[White "Velicka, Petr"]
[Black "Palchuk, Andrii"]
[Result "1/2-1/2"]
[ECO "E04"]
[WhiteElo "2384"]
[BlackElo "2248"]
[Annotator "RC"]
[PlyCount "84"]
[EventDate "2022.07.01"]
[EventType "swiss"]
[EventCountry "CZE"]
[SourceTitle "playchess.com"]
[Source "ChessBase"]
[SourceQuality "1"]
[TimeControl "40/5400+30:1800+30"]

1. Nf3 Nf6 2. c4 e6 3. g3 d5 4. d4 dxc4 5. Bg2 Bd7 6. Ne5 Bc6 7. Nxc6 Nxc6 8. Qa4 Qd7 9. Qxc4 Nxd4 10. Bxb7 Rb8 11. Bf3 Bb4+ 12. Kf1 Nxf3 13. exf3 O-O 14. Nc3 Rfd8 15. Kg2 Nd5 16. Ne2 Be7 17. Rb1 Bf6 18. b3 Rb6 19. Bb2 Rc6 20. Qe4 Ra6 21. Bxf6 Nxf6 22. Qc2 Rc6 23. Qb2 Qd2 24. Qxd2 Rxd2 25. Rhd1 Rcc2 26. Rxd2 Rxd2 27. Nc3 Rc2 28. Rd1 Kf8 29. Rd3 c6 30. b4 Ke7 31. a3 Nd7 32. f4 f5 33. Nd1 c5 34. bxc5 Nxc5 35. Rc3 Rd2 36. Rxc5 Rxd1 37. Ra5 Rd7 38. Ra6 Kf6 39. Kf3 Rb7 40. h4 h5 41. Ke3 Rd7 42. a4 Kf7 1/2-1/2

[Event "FIDE CB Open 2022"]
[Site "Ceske Budejovice"]
[Date "2022.07.07"]
[Round "7.5"]
[White "Zeman, Matyas"]
[Black "Librelato, Kathie Goulart"]
[Result "1-0"]
[ECO "C67"]
[WhiteElo "2262"]
[BlackElo "2255"]
[Annotator "RC"]
[PlyCount "97"]
[EventDate "2022.07.01"]
[EventType "swiss"]
[EventCountry "CZE"]
[SourceTitle "playchess.com"]
[Source "ChessBase"]
[SourceQuality "1"]
[TimeControl "40/5400+30:1800+30"]

1. e4 e5 2. Nf3 Nc6 3. Bb5 Nf6 4. O-O Nxe4 5. Re1 Nd6 6. Nxe5 Nxe5 7. Rxe5+ Be7 8. Bf1 O-O 9. d4 Bf6 10. Re2 Nf5 11. c3 d5 12. Bf4 Nd6 13. Nd2 Bg4 14. f3 Bf5 15. Qb3 c6 16. Qb4 Nb5 17. a4 a5 18. Qb3 Nd6 19. Qa3 Ne8 20. Rae1 Be6 21. Re3 Bg5 22. Bxg5 Qxg5 23. Bd3 Rd8 24. f4 Qh5 25. Re5 Qh6 26. Nf3 Nf6 27. f5 Bd7 28. h3 Ne4 29. Bxe4 dxe4 30. R1xe4 Qc1+ 31. Kh2 Qc2 32. Qe7 h6 33. Re2 Qxa4 34. f6 Rfe8 35. Qc5 Be6 36. fxg7 Qd1 37. Qxa5 Rd5 38. Qc7 Rxe5 39. Rxe5 Qb3 40. Re2 Ra8 41. Qe5 Qd1 42. Re3 Qc1 43. Qf4 Kxg7 44. Ne5 Ra1 45. Ng4 Qg1+ 46. Kg3 Bxg4 47. Qxg4+ Kf8 48. Qf4 Kg7 49. Re7 1-0

[Event "FIDE CB Open 2022"]
[Site "Ceske Budejovice"]
[Date "2022.07.07"]
[Round "7.6"]
[White "Domalchuk-Jonasson, Aleksandr"]
[Black "Maryasin, Boris"]
[Result "1/2-1/2"]
[ECO "E04"]
[WhiteElo "2244"]
[BlackElo "2260"]
[Annotator "RC"]
[PlyCount "99"]
[EventDate "2022.07.01"]
[EventType "swiss"]
[EventCountry "CZE"]
[SourceTitle "playchess.com"]
[Source "ChessBase"]
[SourceQuality "1"]
[TimeControl "40/5400+30:1800+30"]

1. d4 Nf6 2. c4 e6 3. Nf3 d5 4. g3 dxc4 5. Bg2 c5 6. O-O Nc6 7. dxc5 Qxd1 8. Rxd1 Bxc5 9. Nbd2 c3 10. bxc3 O-O 11. Nb3 Bb6 12. Ba3 Re8 13. c4 e5 14. c5 Bc7 15. Bb2 Be6 16. Ng5 Bc4 17. e3 Rad8 18. Ne4 Nxe4 19. Bxe4 a5 20. Bc3 a4 21. Nd2 Bd3 22. Bxd3 Rxd3 23. Ne4 Red8 24. Rxd3 Rxd3 25. g4 h5 26. h3 hxg4 27. hxg4 Bb8 28. Rb1 Rd7 29. Kf1 f6 30. Ke2 Kf7 31. Bd2 Ba7 32. Nd6+ Ke6 33. Nxb7 Kd5 34. f3 e4 35. f4 g6 36. Bc3 Rh7 37. Be1 Ke6 38. Rd1 Rc7 39. Nd6 f5 40. gxf5+ gxf5 41. Nb5 Rd7 42. Nxa7 Nxa7 43. Rb1 Nc6 44. Bd2 Kd5 45. Rd1 Kc4 46. Rc1+ Kb5 47. Kd1 Rd5 48. Rb1+ Kxc5 49. Kc2 Rd7 50. Bc3 1/2-1/2

[Event "FIDE CB Open 2022"]
[Site "Ceske Budejovice"]
[Date "2022.07.07"]
[Round "7.7"]
[White "Valantiejus, Vaidotas"]
[Black "Kratochvil, Vit"]
[Result "1/2-1/2"]
[ECO "B43"]
[WhiteElo "2062"]
[BlackElo "2237"]
[Annotator "RC"]
[PlyCount "83"]
[EventDate "2022.07.01"]
[EventType "swiss"]
[EventCountry "CZE"]
[SourceTitle "playchess.com"]
[Source "ChessBase"]
[SourceQuality "1"]
[TimeControl "40/5400+30:1800+30"]

1. e4 c5 2. Nc3 a6 3. g3 b5 4. Bg2 Bb7 5. Nge2 e6 6. d4 cxd4 7. Nxd4 Nf6 8. a3 Qc7 9. O-O Nc6 10. Re1 Nxd4 11. Qxd4 Bc5 12. Qd1 h5 13. Be3 Ng4 14. Bxc5 Qxc5 15. Qe2 Ne5 16. Nd1 h4 17. Ne3 hxg3 18. hxg3 Rc8 19. c3 Ke7 20. Rad1 Rh6 21. Rd4 Rch8 22. Red1 Bc6 23. f4 Nc4 24. b4 Qh5 25. Qxh5 Rxh5 26. Nxc4 bxc4 27. Rxc4 f5 28. Re1 fxe4 29. Bxe4 Bxe4 30. Rcxe4 Rh1+ 31. Kg2 R8h2+ 32. Kf3 Rxe1 33. Rxe1 Ra2 34. f5 Rxa3 35. Re3 a5 36. bxa5 Rxa5 37. fxe6 dxe6 38. Ke4 Ra4+ 39. Ke5 Rc4 40. Rd3 Rg4 41. Rf3 Rc4 42. Rd3 1/2-1/2

[Event "FIDE CB Open 2022"]
[Site "Ceske Budejovice"]
[Date "2022.07.07"]
[Round "7.8"]
[White "Heimisson, Hilmir Freyr"]
[Black "Mostbauer, Maximilian"]
[Result "1/2-1/2"]
[ECO "D79"]
[WhiteElo "2281"]
[BlackElo "2192"]
[Annotator "RC"]
[PlyCount "111"]
[EventDate "2022.07.01"]
[EventType "swiss"]
[EventCountry "CZE"]
[SourceTitle "playchess.com"]
[Source "ChessBase"]
[SourceQuality "1"]
[TimeControl "40/5400+30:1800+30"]

1. g3 g6 2. Bg2 Bg7 3. d4 Nf6 4. Nf3 O-O 5. O-O d5 6. c4 c6 7. cxd5 cxd5 8. Nc3 e6 9. Bf4 Nc6 10. Rc1 Ne4 11. Qd3 g5 12. Be3 f5 13. Rfd1 Bd7 14. Ne5 Bxe5 15. dxe5 Nxe5 16. Qb1 Nc6 17. f3 Nxc3 18. bxc3 Na5 19. Bc5 Rf7 20. e4 Qc7 21. Bf2 fxe4 22. Rd4 Nc6 23. fxe4 Nxd4 24. cxd4 Bc6 25. e5 Qe7 26. Be3 a6 27. Qb2 Raf8 28. Qd2 Rg7 29. Bh3 Be8 30. Qa5 Bg6 31. Bd2 Re8 32. Bb4 Qd7 33. Bd6 Rc8 34. Bc5 Rf7 35. Re1 Bf5 36. Bf1 Be4 37. Qd2 Qd8 38. Qb4 Kg7 39. a4 Bg6 40. a5 h6 41. Rc1 g4 42. Qe1 Qg5 43. Bg2 Be4 44. Bxe4 dxe4 45. Rc2 e3 46. Rc3 Qg6 47. Rxe3 Rf5 48. Rb3 Rc7 49. Rb1 Rcf7 50. Rc1 Rf3 51. d5 exd5 52. e6 Rf1+ 53. Qxf1 Rxf1+ 54. Rxf1 Qxe6 55. Bb6 Qe4 56. Rf4 1/2-1/2

[Event "FIDE CB Open 2022"]
[Site "Ceske Budejovice"]
[Date "2022.07.07"]
[Round "7.9"]
[White "Cuhra, Martin"]
[Black "Walek, Petr"]
[Result "1-0"]
[ECO "A25"]
[WhiteElo "2225"]
[BlackElo "2237"]
[Annotator "RC"]
[PlyCount "101"]
[EventDate "2022.07.01"]
[EventType "swiss"]
[EventCountry "CZE"]
[SourceTitle "playchess.com"]
[Source "ChessBase"]
[SourceQuality "1"]
[TimeControl "40/5400+30:1800+30"]

1. c4 e5 2. g3 Nc6 3. Bg2 g6 4. Nc3 Bg7 5. e3 f5 6. Nge2 Nf6 7. O-O d6 8. d4 e4 9. b4 O-O 10. b5 Ne7 11. a4 g5 12. a5 Ng6 13. f3 Qe7 14. Qc2 exf3 15. Bxf3 Rb8 16. Bd2 Bd7 17. a6 b6 18. Rae1 Rbe8 19. Nc1 Be6 20. Nd5 Bxd5 21. cxd5 Qd7 22. Qc4 f4 23. exf4 gxf4 24. Re6 Rxe6 25. dxe6 d5 26. Qe2 Qd6 27. Nd3 Ne4 28. Bxe4 dxe4 29. Qxe4 Qxd4+ 30. Qxd4 Bxd4+ 31. Kg2 fxg3 32. hxg3 Rxf1 33. Kxf1 Kf8 34. Nb4 Ne7 35. Bg5 Nc8 36. Nc6 Bc5 37. Bf6 h5 38. Kg2 Bd6 39. Kf3 Ke8 40. Bh4 Kf8 41. Ke4 Ba3 42. Ke5 Bb2+ 43. Kd5 Ke8 44. Bg5 Ba3 45. Bf4 Bd6 46. Bxd6 cxd6 47. Nd4 Ke7 48. Kc6 d5 49. Kxd5 Ke8 50. Nf5 Kd8 51. Kc6 1-0

[Event "FIDE CB Open 2022"]
[Site "Ceske Budejovice"]
[Date "2022.07.07"]
[Round "7.10"]
[White "Vybiral, Zdenek"]
[Black "Matras, Ondrej"]
[Result "1/2-1/2"]
[ECO "E92"]
[WhiteElo "2143"]
[BlackElo "2229"]
[Annotator "RC"]
[PlyCount "167"]
[EventDate "2022.07.01"]
[EventType "swiss"]
[EventCountry "CZE"]
[SourceTitle "playchess.com"]
[Source "ChessBase"]
[SourceQuality "1"]
[TimeControl "40/5400+30:1800+30"]

1. c4 g6 2. d4 Nf6 3. Nc3 Bg7 4. e4 d6 5. Nf3 O-O 6. Be2 e5 7. Be3 Nc6 8. d5 Ne7 9. Nd2 Nd7 10. b4 f5 11. f3 a5 12. a3 b6 13. Nb3 axb4 14. axb4 Rxa1 15. Qxa1 c5 16. bxc5 Nxc5 17. Nxc5 bxc5 18. Nb5 fxe4 19. fxe4 Kh8 20. Rf1 Ng8 21. Rxf8 Bxf8 22. Qa8 Be7 23. Bf3 Qf8 24. Ke2 Bd7 25. Qa7 Qc8 26. Qb6 Qf8 27. Qc7 Qc8 28. Qxc8 Bxc8 29. g4 Nf6 30. g5 Ne8 31. Kd3 Kg8 32. Bd1 Kf8 33. h4 Bd8 34. Nxd6 Nxd6 35. Bxc5 Ke7 36. Bb4 Ba6 37. Bb3 Kd7 38. Ba4+ Kc7 39. Bb3 Kd7 40. Bc3 Bc7 41. Ba4+ Ke7 42. Bxe5 Bxc4+ 43. Kd4 Bb6+ 44. Kc3 Be2 45. Bf6+ Kf7 46. Bc2 Bf3 47. e5 Ne4+ 48. Bxe4 Bxe4 49. e6+ Ke8 50. d6 Bc6 51. Kd3 Bf2 52. h5 gxh5 53. Ke2 Bc5 54. d7+ Bxd7 55. exd7+ Kxd7 56. Kf3 Ke6 57. Kg3 Kf5 58. Kh4 Kg6 59. Bd8 Bb4 60. Kh3 Be1 61. Be7 Kf5 62. Bd8 Bd2 63. Kh4 Kg6 64. Be7 Bf4 65. Bd8 Bd6 66. Kh3 Bc5 67. Kh4 Be3 68. Be7 Bf2+ 69. Kh3 Kf7 70. Bd8 Be1 71. Kg2 Ke6 72. Kh3 Kf5 73. Be7 Ba5 74. Kh4 Kg6 75. Kh3 Kf7 76. Bf6 Bb6 77. Kh4 Kg6 78. Be7 Ba5 79. Kh3 Kf7 80. Bf6 Bc7 81. Kh4 Kg6 82. Be7 Ba5 83. Kh3 Kf7 84. Bf6 1/2-1/2

[Event "FIDE CB Open 2022"]
[Site "Ceske Budejovice"]
[Date "2022.07.07"]
[Round "7.11"]
[White "Kula, Dominik"]
[Black "Puncochar, Jiri"]
[Result "1/2-1/2"]
[ECO "E60"]
[WhiteElo "2229"]
[BlackElo "2020"]
[Annotator "RC"]
[PlyCount "124"]
[EventDate "2022.07.01"]
[EventType "swiss"]
[EventCountry "CZE"]
[SourceTitle "playchess.com"]
[Source "ChessBase"]
[SourceQuality "1"]
[TimeControl "40/5400+30:1800+30"]

1. Nf3 Nf6 2. b3 g6 3. Bb2 Bg7 4. c4 O-O 5. g3 d6 6. Bg2 c5 7. O-O Nc6 8. d4 cxd4 9. Nxd4 Bd7 10. Nc3 Rb8 11. Rc1 a6 12. e4 Nxd4 13. Qxd4 Ne8 14. Qd2 Nc7 15. Nd5 Bxb2 16. Qxb2 Nxd5 17. exd5 Rc8 18. Qd4 Qa5 19. Rfe1 Rfe8 20. Qh4 Qd8 21. Qh6 f6 22. Re4 Rf8 23. Qe3 Rf7 24. c5 Bf5 25. Rb4 Rxc5 26. Rxc5 dxc5 27. Qxc5 Qd6 28. Qd4 b5 29. a4 Bd7 30. axb5 axb5 31. Bf1 Rf8 32. h4 Kg7 33. h5 Rb8 34. Bd3 Rc8 35. Be4 Qc5 36. Qxc5 Rxc5 37. hxg6 hxg6 38. Rd4 Rc1+ 39. Kg2 f5 40. Bf3 Kf6 41. Rd3 Ke5 42. Be2 g5 43. Re3+ Kxd5 44. Rxe7 Kd6 45. Re3 Bc6+ 46. Bf3 Bxf3+ 47. Kxf3 b4 48. Ke2 Rc2+ 49. Ke1 Kd5 50. f4 gxf4 51. gxf4 Kd4 52. Re5 Rc5 53. Re8 Rc3 54. Ke2 Rh3 55. Re5 Rh2+ 56. Kd1 Kc3 57. Rxf5 Kxb3 58. Kc1 Rf2 59. Rf8 Kc3 60. Rc8+ Kd3 61. f5 Rxf5 62. Kb2 Rb5 1/2-1/2

[Event "FIDE CB Open 2022"]
[Site "Ceske Budejovice"]
[Date "2022.07.07"]
[Round "7.12"]
[White "Johannsson, Birkir Isak"]
[Black "Simek, Petr"]
[Result "1-0"]
[ECO "A34"]
[WhiteElo "2131"]
[BlackElo "2348"]
[Annotator "RC"]
[PlyCount "63"]
[EventDate "2022.07.01"]
[EventType "swiss"]
[EventCountry "CZE"]
[SourceTitle "playchess.com"]
[Source "ChessBase"]
[SourceQuality "1"]
[TimeControl "40/5400+30:1800+30"]

1. Nf3 c5 2. c4 Nf6 3. Nc3 e6 4. g3 Nc6 5. Bg2 Qb6 6. e3 Be7 7. O-O O-O 8. d4 cxd4 9. exd4 d5 10. c5 Qa6 11. Be3 b6 12. a3 bxc5 13. dxc5 Ng4 14. Qd2 Na5 15. Bd4 Nb3 16. Qf4 Nf6 17. Qe3 Rb8 18. Rab1 Qa5 19. Be5 Ng4 20. Qf4 Nxe5 21. Nxe5 Qc7 22. Ng6 Rb7 23. Qxc7 Rxc7 24. Nxf8 Kxf8 25. Rbd1 Rxc5 26. Rfe1 Bf6 27. Bf1 Bd7 28. Ne4 dxe4 29. Rxd7 Rc2 30. Rxe4 Rxb2 31. Rb4 Nc5 32. Rxb2 1-0

[Event "FIDE CB Open 2022"]
[Site "Ceske Budejovice"]
[Date "2022.07.07"]
[Round "7.13"]
[White "Sudrich, Radek"]
[Black "Lacina, Adolf"]
[Result "1/2-1/2"]
[ECO "C01"]
[WhiteElo "2049"]
[BlackElo "2225"]
[Annotator "RC"]
[PlyCount "109"]
[EventDate "2022.07.01"]
[EventType "swiss"]
[EventCountry "CZE"]
[SourceTitle "playchess.com"]
[Source "ChessBase"]
[SourceQuality "1"]
[TimeControl "40/5400+30:1800+30"]

1. d4 e6 2. e4 d5 3. exd5 exd5 4. Bd3 c5 5. c3 Nc6 6. Qe2+ Be7 7. Nf3 c4 8. Bc2 Nf6 9. O-O Bg4 10. b3 cxb3 11. axb3 O-O 12. h3 Bh5 13. g4 Bg6 14. Bxg6 hxg6 15. Nbd2 Qc7 16. Qd3 Rfe8 17. Re1 Bd6 18. Bb2 Bf4 19. Rxe8+ Rxe8 20. Re1 Rxe1+ 21. Nxe1 Bxd2 22. Qxd2 Ne4 23. Qc2 f5 24. c4 Qb6 25. gxf5 gxf5 26. cxd5 Ne7 27. f3 Nf6 28. Qc5 Nexd5 29. Qxb6 Nxb6 30. Nd3 Nbd5 31. Kf2 Kf7 32. Ba3 Nd7 33. Bd6 Ke6 34. Be5 Nxe5 35. dxe5 f4 36. h4 b6 37. Ke2 g6 38. Kd2 Kf5 39. Ke2 a5 40. Kd2 b5 41. Ke2 Ne7 42. Kd2 Nc6 43. e6 Kxe6 44. Nxf4+ Kf5 45. Ne2 Ke5 46. Ke3 a4 47. bxa4 bxa4 48. Kd3 Ne7 49. f4+ Kf5 50. Nd4+ Kxf4 51. Ne6+ Kf5 52. Nf8 Nc6 53. Kc3 Kf6 54. Kb2 Kf7 55. Nxg6 1/2-1/2

[Event "FIDE CB Open 2022"]
[Site "Ceske Budejovice"]
[Date "2022.07.07"]
[Round "7.14"]
[White "Abdulla, Khayala"]
[Black "Simecek, Bohumil"]
[Result "1-0"]
[ECO "C12"]
[WhiteElo "2207"]
[BlackElo "2059"]
[Annotator "RC"]
[PlyCount "53"]
[EventDate "2022.07.01"]
[EventType "swiss"]
[EventCountry "CZE"]
[SourceTitle "playchess.com"]
[Source "ChessBase"]
[SourceQuality "1"]
[TimeControl "40/5400+30:1800+30"]

1. e4 e6 2. d4 d5 3. Nc3 Nf6 4. Bg5 Bb4 5. e5 h6 6. Bc1 Ne4 7. Qg4 g6 8. Nge2 c5 9. a3 Qa5 10. axb4 Qxa1 11. Nxd5 h5 12. Nc7+ Kd7 13. Qxe4 Kxc7 14. bxc5 Bd7 15. Qe3 Nc6 16. Qd2 b6 17. cxb6+ axb6 18. g3 Qa5 19. Nc3 Nb4 20. Bg2 Bc6 21. Bxc6 Kxc6 22. O-O Nd5 23. Qd3 Nxc3 24. bxc3 Ra7 25. c4 Rd7 26. Bd2 Rc8 27. Bxa5 1-0